 Dungeon Crawl Stone Soup version 0.28.0 (console) character file.

Game seed: 1490726636992246050

79130 ryathie the Severer (level 15, -11/138 HPs)
             Began as a Palentonga Fighter on Feb 9, 2022.
             Was an Elder of the Shining One.
             Mangled by a large abomination (25 damage)
             ... on level 3 of the Abyss.
             The game lasted 01:09:58 (31911 turns).

ryathie the Severer (Palentonga Fighter)           Turns: 31911, Time: 01:09:58

Health: -11/138    AC: 34    Str: 21    XL:     15   Next: 20%
Magic:  29/29      EV:  4    Int: 10    God:    the Shining One [****..]
Gold:   1687       SH: 12    Dex: 17    Spells: 14/14 levels left

rFire   + + .      SeeInvis +   a - +6 broad axe (vorpal)
rCold   + . .      Faith    .   F - +0 kite shield
rNeg    + + +      Spirit   .   t - +0 fire dragon scales
rPois   .          Reflect  .   s - +2 helmet
rElec   +          Harm     .   f - +0 cloak
rCorr   +          Rampage  .   (no gloves)
Will    ++...                   m - +2 barding of Restlessness {rC++}
Stlth   ..........              p - amulet of regeneration
HPRegen 1.13/turn               M - ring "Jecaq" {rElec rN++ MP+9 AC+4 Dex+3}
MPRegen 0.21/turn               c - ring "Otoil" {Will+ rCorr}

@: glowing, studying Fighting, curled up
A: large, rugged brown scales 3, see invisible, deformed body, roll 1, armoured
tail, reflexive curl
a: Rolling Charge, Renounce Religion, Divine Shield, Cleansing Flame


You were on level 3 of the Abyss.
You worshipped the Shining One.
The Shining One was greatly pleased with you.
You visited 3 branches of the dungeon, and saw 18 of its levels.
You visited the Abyss 1 time.

You collected 2649 gold pieces.
You spent 962 gold pieces at shops.

Inventory:

Hand Weapons
 a - a +6 vorpal broad axe (weapon)
 k - a +0 antimagic war axe
 O - a +3 scimitar of flaming
Missiles
 g - 34 poisoned darts (quivered)
Armour
 f - a +0 cloak (worn)
 m - the +2 barding of Restlessness (worn) {rC++}
   (You acquired it on level 8 of the Dungeon)

   rC:        It greatly protects you from cold.
 s - a +2 helmet (worn)
 t - +0 fire dragon scales (worn)
 B - a +0 tower shield
 F - a +0 kite shield (worn)
Jewellery
 c - the ring "Otoil" (right hand) {Will+ rCorr}
   (You bought it in a shop on level 13 of the Dungeon)

   [ring of willpower]

   rCorr:     It protects you from acid and corrosion.
   Will:      It increases your willpower.
 p - an amulet of regeneration (around neck)
 y - a ring of poison resistance
 M - the ring "Jecaq" (left hand) {rElec rN++ MP+9 AC+4 Dex+3}
   (You took it off a centaur on level 12 of the Dungeon)

   [ring of protection]

   AC:        It affects your AC (+4).
   Dex:       It affects your dexterity (+3).
   rElec:     It insulates you from electricity.
   rN:        It greatly protects you from negative energy.
   MP:        It affects your magic capacity (+9).
Wands
 w - a wand of polymorph (5)
 A - a wand of digging (24)
 E - a wand of acid (3)
 L - a wand of charming (5)
Scrolls
 h - a scroll of vulnerability
 j - a scroll of fear
 l - 2 scrolls of immolation
 n - 9 scrolls of teleportation
 o - 4 scrolls of fog
 q - 2 scrolls of blinking
 u - a scroll of enchant weapon
 H - a scroll of amnesia
 I - 5 scrolls of identify
 J - a scroll of holy word
 K - 2 scrolls of brand weapon
 Q - a scroll of magic mapping
Potions
 b - a potion of flight
 d - 5 potions of might
 e - 7 potions of heal wounds
 i - 5 potions of mutation
 r - 3 potions of curing
 v - a potion of brilliance
 x - 3 potions of attraction
 z - 3 potions of resistance
 D - 3 potions of haste
 P - a potion of ambrosia {unknown}
Miscellaneous
 G - a lightning rod (4/4)


   Skills:
 + Level 15.4 Fighting
 + Level 15.4 Axes
 - Level 1.0 Throwing
 + Level 10.3 Armour
 + Level 9.2 Shields
 - Level 7.0 Invocations
 - Level 4.0 Evocations


You had 14 spell levels left.
You didn't know any spells.
Your spell library contained the following spells:

 Spells                   Type           Power      Damage    Failure   Level
 Freeze                   Ice            0%         1d3       89%         1
 Scorch                   Fire           0%         2d5       96%         2
 Sublimation of Blood     Necr           0%         N/A       96%         2
 Frozen Ramparts          Ice            0%         1d2       99%         3
 Gell's Gravitas          Tloc           0%         N/A       99%         3
 Lesser Beckoning         Tloc           0%         N/A       99%         3
 Stone Arrow              Conj/Erth      0%         3d7       99%         3
 Teleport Other           Tloc           0%         N/A       99%         3
 Animate Armour           Summ/Erth      0%         N/A       100%        4
 Animate Dead             Necr           0%         N/A       100%        4
 Flame Wave               Conj/Fire      0%         2d4       100%        4
 Hailstorm                Conj/Ice       0%         3d3       100%        4
 Petrify                  Tmut/Erth      0%         N/A       100%        4
 Irradiate                Conj/Tmut      0%         3d13      100%        5
 Iskenderun's Battlesphe  Conj           0%         2d6       100%        5
 Metabolic Englaciation   Hex/Ice        0%         N/A       100%        5
 Dispersal                Tloc           0%         N/A       100%        6
 Iron Shot                Conj/Erth      0%         9d1       100%        6
 Statue Form              Tmut/Erth      0%         N/A       100%        6
 Summon Cactus Giant      Summ           0%         N/A       100%        6
 Haunt                    Necr/Summ      0%         N/A       100%        7
 Spellforged Servitor     Conj/Summ      0%         N/A       100%        7
 Disjunction              Tloc           0%         N/A       100%        8
 Infestation              Necr           0%         N/A       100%        8
 Lehudib's Crystal Spear  Conj/Erth      0%         10d2      100%        8


Dungeon Overview and Level Annotations

Branches:
Dungeon (15/15)            Temple (1/1) D:7            Lair (0/6) D:9
    Orc (0/2) D:10         Vaults (0/5) D:14         Depths (2/4) D:15

Altars:
Ashenzari
Cheibriados
Dithmenos
Elyvilon
Fedhas
Gozag
Hepliaklqana
Kikubaaqudgha
Makhleb
Nemelex Xobeh
Okawaru
Qazlal
Ru
Sif Muna
Trog
Uskayaw
Vehumet
Wu Jian
Xom
Yredelemnul
Zin
The Shining One

Shops:
D:1 =   D:5 *   D:8 [   D:13 =(   D:14 ?

Portals:
Hell: Depths:1* Depths:2
Abyss: Depths:1 Depths:2

Annotations:
D:9 exclusion: downstairs
D:10 exclusion: downstairs
Depths:2 Louise


Innate Abilities, Weirdness & Mutations

You are completely covered in rugged brown scales. (AC +3, +7% HP)
You have supernaturally acute eyesight. (SInv)
Armour fits poorly on your strangely shaped body.
You can roll at nearby foes to attack.
You have a long armoured tail.
You curl defensively after being hit. (AC +7*)


Message History

You chop the orange demon into pieces!!!
You kill the orange demon!
That felt strangely unrewarding.
You feel better.
You feel sick.
You feel sick.
You are no longer poisoned.
A tentacled starspawn comes into view.
You feel much better.
A tentacle flies out from the starspawn's body!
A starspawn tentacle comes into view.
A large abomination comes into view.
You hit the large abomination.
The large abomination is lightly damaged.
The large abomination hits you!
You hit the large abomination.
The large abomination is moderately damaged.
You hit the large abomination.
The large abomination is moderately damaged.
You hit the tentacled starspawn but do no damage.
The tentacled starspawn bites you but does no damage.
The tentacled starspawn tentacle-slaps you.
The large abomination hits you but does no damage.
You hit the large abomination.
The large abomination is heavily damaged.
You slash the tentacled starspawn!
You block the tentacled starspawn's attack.
The tentacled starspawn barely misses you.
You slash the large abomination! You tail-slap the large abomination.
The large abomination is severely damaged.
You hit the tentacled starspawn. The tentacled starspawn bites you!
The tentacled starspawn tentacle-slaps you but does no damage.
The large abomination hits you!!
* * * LOW HITPOINT WARNING * * *
You hit the large abomination but do no damage.
The large abomination is severely damaged.
You hit the tentacled starspawn. The tentacled starspawn bites you!!
* * * LOW HITPOINT WARNING * * *
The tentacled starspawn tentacle-slaps you.
* * * LOW HITPOINT WARNING * * *
The large abomination hits you!!
You die...

#. ####.. ##
.#.....#...
#.##...#..#
####..#.#....
..#.....#.....#
.#
.....X..#....#
#.# ##.#.#.
#.#..#..# #.
.#X.#..# #
#.#..#@.##
#....###X##.#
.. .#.# ..# . #
.# .#.# .# . ..
..#.# ## . .
###. ..# . ..#
.. ยง...... #.
# #. .#.# #. .
. #. .## # #


You could see a tentacled starspawn and a large abomination.

Vanquished Creatures
  A sphinx (D:12)
  A fire giant (Depths:1)
  4 frost giants
  3 very ugly things (D:15)
  A juggernaut skeleton (Abyss:3)
  A vampire knight (Depths:1)
  3 stone giants
  2 spark wasps (Depths:1)
  2 ettins (Depths:1)
  A merfolk javelineer (Depths:1)
  Josephine (D:14)
  A crystal guardian (D:12)
  A merfolk impaler (D:15)
  4 fire dragons
  4 vault guards
  4 hydras
  2 rakshasas
  3 boulder beetles
  An ogre mage (D:14)
  2 two-headed ogres
  A spriggan air mage (D:15)
  5 centaur warriors
  2 deep troll shamans
  8 tengu warriors
  4 deep troll earth magi (Depths:1)
  8 death yaks
  A vampire mage (Depths:1)
  A thrashing horror (Abyss:3)
  3 iron trolls
  3 skeletal warriors (D:14)
  3 starcursed masses (Abyss:3)
  A deep elf archer (D:14)
  A flayed ghost (D:15)
  A glowing orange brain (Depths:2)
  A large abomination (Abyss:3)
  6 deep trolls
  An orc knight (D:14)
  Pikel (D:7)
  2 phantasmal warriors
  A deep elf pyromancer (D:14)
  3 cyclopes
  16 ugly things
  An orc sorcerer (D:15)
  A cyclops (shapeshifter) (D:12)
  3 manticores
  A salamander (shapeshifter) (D:13)
  An orange demon (Abyss:3)
  Joseph (D:7)
  Maggie (D:8)
  A gargoyle (D:11)
  An unseen horror (D:12)
  A yaktaur (shapeshifter) (Depths:1)
  A yaktaur (D:12)
  A komodo dragon (D:12)
  An efreet (D:12)
  2 tengu conjurers
  3 meliai
  5 trolls
  A hornet (shapeshifter) (D:15)
  An air elemental (Abyss:3)
  4 wraiths (D:14)
  2 shadows
  2 vampires
  2 wyverns (D:9)
  2 water elementals
  7 yaks
  Eustachio (D:6)
  A steam dragon (D:8)
  4 vampire mosquitoes (D:12)
  3 acid dragons
  2 water moccasins
  3 ice beasts
  2 sky beasts
  2 necrophages (D:8)
  4 orc warriors
  A black bear (D:6)
  10 centaurs
  3 phantoms
  A lemure (D:7)
  2 kobold brigands
  A small abomination (Abyss:3)
  3 bullfrogs
  A gnoll sergeant (D:6)
  5 scorpions
  A wyvern zombie (D:7)
  10 wights
  3 electric eels (D:8)
  6 howler monkeys
  3 centaur zombies
  3 jellies
  A bullfrog skeleton (D:5)
  4 orc priests
  Crazy Yiuf (D:2)
  A gnoll shaman (D:9)
  2 hounds
  A centaur skeleton (D:7)
  2 iguanas
  7 orc wizards
  A hound skeleton (D:4)
  14 gnolls
  9 adders
  A shadow imp (D:6)
  2 white imps
  2 worms (D:2)
  A dart slug (D:4)
  50 orcs
  A ball python (D:2)
  11 endoplasms
  A giant cockroach (D:1)
  5 hobgoblins
  4 jackals (D:2)
  6 quokkas
  4 bats
  6 frilled lizards
  6 goblins
  16 kobolds
  5 rats
400 creatures vanquished.

Vanquished Creatures (collateral kills)
  A death knight (D:12)
1 creature vanquished.

Vanquished Creatures (others)
  A fire giant (D:15)
  16 plants
  2 starspawn tentacles (Abyss:3)
19 creatures vanquished.

Grand Total: 420 creatures vanquished

Notes
Turn   | Place    | Note
-------+----------+-------------------------------------------
     0 | D:1      | ryathie the Palentonga Fighter began the quest for the Orb.
     0 | D:1      | Reached XP level 1. HP: 19/19 MP: 1/1
   488 | D:1      | Reached XP level 2. HP: 25/25 MP: 2/2
   499 | D:1      | Found a faded altar of an unknown god.
   670 | D:1      | Found Esiafufi's Jewellery Shoppe.
  1144 | D:2      | Reached XP level 3. HP: 21/32 MP: 3/3
  1736 | D:2      | Found a runed translucent door.
  1737 | D:2      | Noticed Crazy Yiuf
  2275 | D:3      | Reached XP level 4. HP: 35/39 MP: 4/4
  3010 | D:3      | Found a shimmering blue altar of Sif Muna.
  3193 | D:3      | Reached XP level 5. HP: 30/46 MP: 5/5
  3517 | D:4      | Reached skill level 5 in Fighting
  3927 | D:4      | Reached XP level 6. HP: 54/54 MP: 6/6
  4388 | D:4      | Reached skill level 5 in Axes
  4619 | D:5      | Entered Level 5 of the Dungeon
  4793 | D:5      | HP: 1/54 [orc priest/divine providence (10)]
  5159 | D:4      | Reached skill level 1 in Throwing
  5171 | D:5      | Found Joquwke's Assorted Antiques.
  5354 | D:4      | Gained mutation: You curl defensively after being hit. (AC
                  | +7*) [Palentonga growth]
  5354 | D:4      | Reached XP level 7. HP: 41/62 MP: 7/7
  5490 | D:5      | Bought a scroll labelled YDONUVOVVA for 27 gold pieces
  5490 | D:5      | Bought a scroll labelled FUABLEYMOP for 27 gold pieces
  5490 | D:5      | Bought a scroll labelled NURPHE PEGERA for 27 gold pieces
  5490 | D:5      | Bought a scroll labelled HOEKKIMOZI for 27 gold pieces
  5490 | D:5      | Bought a scroll of identify for 54 gold pieces
  5798 | D:5      | Found a blossoming altar of Fedhas.
  6059 | D:5      | Reached XP level 8. HP: 64/68 MP: 8/8
  6093 | D:5      | Found an ornate altar of the Wu Jian Council.
  6173 | D:5      | Found a broken altar of Ashenzari.
  6411 | D:5      | Found a bloodstained altar of Trog.
  7090 | D:6      | Identified the +3 leather armour of Lugonu's Whim {rElec
                  | rF- rCorr}
  7585 | D:6      | Noticed Eustachio
  7756 | D:6      | Killed Eustachio
  8134 | D:7      | Found a glowing silver altar of Zin.
  8134 | D:7      | Found a hazy altar of Hepliaklqana.
  8373 | D:7      | Noticed Joseph
  8382 | D:7      | Reached XP level 9. HP: 62/79 MP: 9/9
  9911 | D:7      | Noticed a troll
  9932 | D:7      | Reached skill level 10 in Axes
  9932 | D:7      | Reached skill level 1 in Evocations
 10288 | D:7      | Noticed Pikel
 10314 | D:7      | Killed Pikel
 10426 | D:7      | Found a burning altar of Makhleb.
 10551 | D:7      | Found a staircase to the Ecumenical Temple.
 10568 | Temple   | Entered the Ecumenical Temple
 10618 | Temple   | Became a worshipper of the Shining One
 10964 | D:7      | Killed a troll
 11097 | D:7      | Killed Joseph
 11503 | D:8      | Reached XP level 10. HP: 79/86 MP: 10/10
 11832 | D:8      | Noticed Maggie
 11848 | D:8      | Killed Maggie
 12015 | D:8      | Found Tudoupho's Antique Armour Shoppe.
 12930 | D:9      | Noticed a death yak
 12930 | D:9      | Reached * piety under the Shining One
 12933 | D:9      | Noticed a death yak
 12933 | D:9      | Noticed a death yak
 12935 | D:9      | Noticed a death yak
 13098 | D:9      | Found a staircase to the Lair.
 13100 | D:9      | Noticed a death yak
 13335 | D:8      | Killed a death yak
 13336 | D:8      | Reached skill level 5 in Shields
 13577 | D:8      | Killed a death yak
 13578 | D:8      | Reached skill level 10 in Fighting
 13783 | D:9      | Noticed a death yak
 13786 | D:9      | Noticed a death yak
 13828 | D:8      | Killed a death yak
 14298 | D:8      | Killed a death yak
 14364 | D:9      | Noticed a death yak
 14390 | D:8      | Identified a scroll of acquirement
 14390 | D:8      | Acquired the +2 barding of Restlessness {rC++}
 15178 | D:9      | Found a shimmering altar of Xom.
 15260 | D:9      | Reached XP level 11. HP: 98/98 MP: 11/11
 15764 | D:9      | Killed a death yak
 16298 | D:10     | Entered Level 10 of the Dungeon
 16678 | D:10     | Noticed a tengu warrior
 16712 | D:10     | Killed a tengu warrior
 16969 | D:10     | Found a staircase to the Orcish Mines.
 18683 | D:9      | Killed a death yak
 18909 | D:2      | Killed Crazy Yiuf
 19113 | D:7      | Killed a death yak
 19114 | D:7      | Reached skill level 1 in Invocations
 19323 | D:8      | Found Tudoupho's Antique Armour Shoppe.
 19409 | D:8      | Killed a death yak
 19713 | D:12     | Noticed a two-headed ogre
 19989 | D:12     | Noticed a boulder beetle
 20017 | D:12     | Killed a boulder beetle
 20220 | D:12     | Reached ** piety under the Shining One
 20336 | D:12     | Reached XP level 12. HP: 107/109 MP: 4/14
 20483 | D:12     | Noticed a rakshasa
 20493 | D:12     | Killed a two-headed ogre
 20928 | D:12     | Noticed a centaur warrior
 20940 | D:12     | Killed a centaur warrior
 21004 | D:12     | Noticed a frost giant
 21010 | D:12     | Noticed a four-headed hydra
 21023 | D:12     | Killed a four-headed hydra
 21024 | D:12     | Reached skill level 5 in Invocations
 21028 | D:12     | Killed a frost giant
 21180 | D:12     | Noticed a death knight
 21399 | D:12     | Identified the ring "Jecaq" {rElec rN++ MP+9 AC+4 Dex+3}
 21593 | D:12     | Killed a rakshasa
 21594 | D:12     | Reached skill level 5 in Armour
 22017 | D:12     | Noticed a crystal guardian
 22284 | D:12     | Noticed a boulder beetle
 22303 | D:12     | Killed a boulder beetle
 22445 | D:12     | Noticed a frost giant
 22874 | D:12     | Noticed a sphinx
 22893 | D:12     | Killed a sphinx
 22904 | D:12     | Killed a death knight
 23447 | D:13     | Found Hoefalyu's Weapon Shop.
 23447 | D:13     | You fall into a shaft and drop 1 floor!
 23569 | D:13     | Found a sacrificial altar of Ru.
 23670 | D:13     | Found Rinout's Jewellery Shop.
 23675 | D:13     | Noticed a tengu warrior
 23681 | D:13     | Noticed a tengu warrior
 23716 | D:12     | Killed a tengu warrior
 23835 | D:13     | Killed a tengu warrior
 23867 | D:13     | Bought the ring "Otoil" {Will+ rCorr} for 376 gold pieces
 23965 | D:13     | Noticed a centaur warrior
 23981 | D:13     | Killed a centaur warrior
 24083 | D:13     | Noticed a six-headed hydra
 24105 | D:13     | Killed a six-headed hydra
 24106 | D:13     | Reached XP level 13. HP: 26/116 MP: 18/18
 25289 | D:14     | Reached *** piety under the Shining One
 25569 | D:14     | Noticed Josephine
 25577 | D:14     | Killed Josephine
 25611 | D:14     | Found Emoik Olit's Magic Scroll Boutique.
 25617 | D:14     | Bought a scroll of blinking for 112 gold pieces
 25617 | D:14     | Bought a scroll of blinking for 112 gold pieces
 25978 | D:15     | Entered Level 15 of the Dungeon
 26087 | D:12     | Killed a frost giant
 26124 | D:12     | Acquired a +2 vorpal broad axe
 26971 | D:15     | Identified the +7 short sword of the Asp {spect, *Noise rF+
                  | Str+4}
 27046 | D:15     | Found a staircase to the Depths.
 27046 | D:15     | Noticed a frost giant
 27141 | D:15     | Killed a frost giant
 27159 | Depths:1 | Entered Level 1 of the Depths
 27335 | D:15     | Reached XP level 14. HP: 66/127 MP: 19/19
 27769 | D:14     | Found a gate to the Vaults.
 28297 | Depths:1 | Reached **** piety under the Shining One
 28551 | Depths:1 | Noticed a fire giant
 28691 | D:15     | Killed a fire giant
 29013 | Depths:1 | Found a one-way gate to the infinite horrors of the Abyss.
 29048 | Depths:1 | Noticed a red very ugly thing
 29048 | Depths:1 | Noticed a red very ugly thing
 29087 | D:15     | HP: 6/129 [poisoned by a green very ugly thing]
 29184 | D:15     | Killed a purple very ugly thing
 29198 | D:15     | Killed a purple very ugly thing
 29878 | Depths:1 | Noticed a red very ugly thing
 29879 | Depths:1 | Noticed a red very ugly thing
 29921 | D:15     | Killed a white very ugly thing
 29922 | D:15     | Reached skill level 15 in Axes
 30161 | Depths:1 | Found a radiant altar of Vehumet.
 30183 | Depths:1 | Noticed a fire giant
 30214 | Depths:1 | Killed a fire giant
 30458 | Depths:1 | Found a gateway to Hell.
 30525 | Depths:1 | Reached skill level 10 in Armour
 30974 | Depths:1 | Acquired a manual of Fighting
 31041 | D:13     | Bought a ring of poison resistance for 200 gold pieces
 31195 | Depths:1 | Reached skill level 15 in Fighting
 31276 | Depths:2 | Noticed Louise
 31276 | Depths:2 | Noticed a stone giant
 31289 | Depths:1 | Killed a stone giant
 31290 | Depths:1 | Reached XP level 15. HP: 110/138 MP: 20/20
 31430 | Depths:2 | Acquired 1288 gold pieces
 31611 | Depths:2 | Noticed a frost giant
 31624 | Depths:2 | Killed a frost giant
 31780 | Depths:2 | Cast into level 3 of the Abyss (Louise)
 31810 | Abyss:3  | Paralysed by an air elemental for 1 turns
 31899 | Abyss:3  | Noticed a tentacled starspawn
 31911 | Abyss:3  | Mangled by a large abomination

Illustrated notes

Levels and vault maps discovered:
D:1:      dpeg_arrival_rhombi, layout_rooms,
          hellmonk_ecumenical_altar_arch_garden, serial_shops,
          nicolae_shop_stone
D:2:      layout_basic, uniq_crazy_yiuf_cottage
D:3:      layout_basic, old_standard_altar
D:4:      layout_loops_ring
D:5:      layout_loops_ring, mainiacjoe_overflow_big_doors,
          mainiacjoe_overflow_concentric_impassable, marbit_many_paths,
          serial_shops, shop, hangedman_decor_points
D:6:      layout_basic, uniq_eustachio
D:7:      layout_layer_cave, mainiacjoe_overflow_brackets,
          gammafunk_temple_overflow_wave, minmay_temple_entry_mist,
          skrybe_limestone_x, minmay_chambers_of_fives, uniq_pikel, uniq_joseph
D:8:      layout_basic, serial_shops, shop, small_statue_intersection,
          interstate_on_off, chequers_big_river, minivault_10, uniq_maggie
D:9:      layout_loops_ring, mainiacjoe_overflow_24_doors, dpeg_lair_monsters,
          kennysheep_nondescript, kennysheep_dice
D:10:     layout_grid_maze, orc_0_dummy, chequers_hall_statues_wall_a
D:11:     layout_gridville
D:12:     minmay_octo_star, layout_loops_ring
D:13:     layout_rooms, serial_shops, nicolae_shop_trees, nicolae_stop_n_shop_1,
          corexii_corridor_pit, nicolae_ru_path_of_blood
D:14:     layout_loops_corners, grunt_vaults_entry_fortified, serial_shops,
          nicolae_shop_crystal, kennysheep_boxes, uniq_josephine
D:15:     grunt_enter_depths_snipers, layout_loops_ring
Temple:   cyrus_circular_temple
Depths:1: layout_forbidden_donut, abyss_entry_glasseish, hell_entry,
          roderic_lattice_octagonal_star, serial_column_ruins,
          column_ruins_portal_hut, column_ruins_square_large, column_ruins_hut,
          column_ruins_grid_1, column_ruins_open_tiny, column_ruins_open_medium,
          column_ruins_grid_4, column_ruins_open_tiny_water,
          nicolae_vehumet_altar_sigil, serial_bayou_shore_a
Depths:2: minmay_coctagon, layout_cave_shapes,
          nicolae_abyss_entry_one_way_or_another, rand_demon_pan_entry_5,
          serial_sigils_hangedman_scar, hell_entry
Abyss:3:  base: Vaults:1, hangedman_abyss_rune_flesh_and_stone

Skill      XL: |  1  2  3  4  5  6  7  8  9 10 11 12 13 14 15 |
---------------+----------------------------------------------+-----
Axes           | 3 4 5 7 9 10 11 13 14 15 | 15.4
Fighting       | 4 5 6 7 9 10 12 13 15 | 15.4
Throwing       | 1 |  1.0
Shields        | 4 5 6 7 8 9 |  9.2
Evocations     | 2 4 |  4.0
Invocations    | 3 7 |  7.0
Armour         | 3 6 8 10 | 10.3

Action                   |  1- 3 |  4- 6 |  7- 9 | 10-12 | 13-15 || total
-------------------------+-------+-------+-------+-------+-------++-------
Melee: War axe           |   136 |   147 |    61 |    40 |    17 ||   401
       Tailslap          |    14 |    15 |    31 |   138 |   187 ||   385
       Hand axe          |       |       |   238 |   528 |   225 ||   991
       Broad axe         |       |       |       |       |   473 ||   473
       Scimitar          |       |       |       |       |     3 ||     3
Throw: Dart              |       |    19 |    18 |    68 |    43 ||   148
Invok: Divine Shield     |       |       |       |     1 |       ||     1
 Abil: Rolling Charge    |    18 |     3 |     9 |    18 |    11 ||    59
Evoke: Wand              |       |       |     3 |    31 |    16 ||    50
       Lightning rod     |       |       |       |     8 |     9 ||    17
  Use: Scroll            |       |       |    14 |    11 |    11 ||    36
       Potion            |       |       |     3 |     4 |     7 ||    14
 Stab: Paralysed         |       |       |     2 |       |       ||     2
Armor: Scale mail        |    87 |    72 |   119 |    28 |       ||   306
       Skin              |       |       |     4 |    11 |       ||    15
       Chain mail        |       |       |       |   315 |   474 ||   789
       Fire dragon scale |       |       |       |       |    65 ||    65
Dodge: Dodged            |    51 |    60 |    74 |    62 |    85 ||   332
Block: Buckler           |    25 |    32 |    47 |    90 |       ||   194
       Kite shield       |       |       |       |    48 |   339 ||   387
       Tower shield      |       |       |       |       |    11 ||    11
